 Dungeon Crawl Stone Soup version 0.17-a0-2118-g63bad21 (webtiles) character file.

485 4thArraOfDagon the Cleaver (level 7, 0/73 HPs)
             Began as a Naga Fighter on Oct 20, 2015.
             Killed from afar by Dowan (14 damage)
             ... with a shard of ice
             ... on level 5 of the Dungeon.
             The game lasted 00:03:46 (798 turns).

4thArraOfDagon the Cleaver (Naga Fighter)            Turns: 798, Time: 00:03:46

Health: 0/73       AC: 10    Str: 18    XL:     7   Next: 13%
Magic:  7/7        EV:  5    Int: 11    God:
Gold:   80         SH:  0    Dex: 10    Spells: 0 memorised, 6 levels left

rFire  . . .     SeeInvis +     o - +3 quarterstaff (chaos)
rCold  . . .     Clarity  .     k - +0 chain mail
rNeg   . . .     SustAt   .     (no shield)
rPois  +         Gourm    .     (no helmet)
rElec  .         Spirit   .     m - +1 cloak
rCorr  .         Warding  .     (no gloves)
rMut   .         Stasis   .     (no barding)
MR     +....                    (no amulet)
Stlth  ..........               n - ring of protection from magic
                                (no ring)

@: very slow, somewhat resistant to hostile enchantments, extremely unstealthy
A: see invisible, deformed body, poison resistance, slowness 2, slow metabolism
1, spit poison 2, AC +2
a: Spit Poison


You were on level 5 of the Dungeon.
You were not hungry.

You visited 1 branch of the dungeon, and saw 5 of its levels.

You collected 80 gold pieces.

Inventory:

Hand Weapons
 a - a +0 war axe
 o - a +3 quarterstaff of chaos (weapon)
Armour
 k - a +0 chain mail (worn)
 m - a +1 cloak (worn)
Jewellery
 n - a ring of protection from magic (right hand)
Wands
 d - a wand of random effects (32)
 r - a wand of polymorph (6)
Scrolls
 b - 2 scrolls of identify {unknown}
 c - a scroll of teleportation {unknown}
 g - a scroll of enchant weapon {unknown}
 j - a scroll of amnesia {unknown}
 p - a scroll of fear {unknown}
 q - a scroll of vulnerability {unknown}
Potions
 f - a potion of ambrosia {unknown}
 h - 3 potions of curing {unknown}
 l - a potion of invisibility {unknown}
Comestibles
 e - 2 bread rations
 i - a beef jerky
 s - a meat ration


   Skills:
 + Level 7.7 Fighting
 * Level 10.0 Axes
 + Level 6.3 Armour
   Level 2.4 Shields


You had 6 spell levels left.
You didn't know any spells.

Dungeon Overview and Level Annotations

Branches:
Dungeon (5/15)
 Temple: D:4-7

Altars:

Annotations:
D:1 1 exclusion
D:5 Dowan


Innate Abilities, Weirdness & Mutations

You cannot wear boots.
Your serpentine skin is tough (AC +2).
You have supernaturally acute eyesight.
Armour fits poorly on your strangely shaped body.
Your system is resistant to poisons.
You cover ground very slowly.
You have a slow metabolism.
You can spit poison.


Message History

You have reached level 6!
Your experience leads to an increase in your attributes!
Increase (S)trength, (I)ntelligence, or (D)exterity?
You feel clever.
Your skin feels tougher.
Items here: ! ) [ † a short sword; a scale mail; a coppery potion; the elf corpse of Duvessa Unknown command.
t - a coppery potion Dowan seems to find hidden reserves of power!
Dowan hits you but does no damage.
Unknown command.
Drink which item? (? for menu, Esc to quit)
It was a potion of experience.
You feel more experienced!
Your Fighting skill gained 3 levels and is now at level 7!
Your Axes skill gained 6 levels and is now at level 10!
Your Armour skill gained 3 levels and is now at level 6!
You have reached level 7!
Dowan points at you and mumbles some strange words.
The shard of ice hits you!
You die...

### #.# ## ##
##.###.# . #.....##
.# ##.####.## ###
### . #.##
##.####.###.# .## .
#.##
##.......@e###..#...
...#
#.####.###.#.......
#....# ..##
#.##..........
###.#####
#######....... # #.#
..###.. ###.# ..#
.##.##♣♣ ### #.#
.......♣♣ ♣♣#..)# .e
.....)..♣♣♣♣.....#
..a


You could see Dowan.

Vanquished Creatures
  Duvessa (D:5)
  Blork the orc (D:5)
  Crazy Yiuf (D:5)
  A worker ant (D:5)
  An adder skeleton (D:4)
  A giant gecko (D:1)
  An orc (D:3)
  5 bats
  3 giant cockroaches (D:1)
  A goblin (D:2)
  A hobgoblin (D:1)
  5 jackals
  A quokka (D:3)
  2 giant newts (D:1)
  A kobold (D:3)
  5 rats
31 creatures vanquished.

Vanquished Creatures (others)
  A plant (D:1)
1 creature vanquished.

Grand Total: 32 creatures vanquished

Notes
Turn   | Place    | Note
--------------------------------------------------------------
     0 | D:1      | 4thArraOfDagon the Naga Fighter began the quest for the Orb.
     0 | D:1      | Reached XP level 1. HP: 21/21 MP: 1/1
   240 | D:1      | Reached XP level 2. HP: 4/28 MP: 2/2
   375 | D:2      | Reached XP level 3. HP: 19/34 MP: 3/3
   614 | D:5      | Entered Level 5 of the Dungeon
   624 | D:5      | Noticed Crazy Yiuf
   632 | D:5      | Killed Crazy Yiuf
   632 | D:5      | Reached XP level 4. HP: 35/43 MP: 0/4
   716 | D:5      | Noticed Blork the orc
   728 | D:5      | Killed Blork the orc
   728 | D:5      | Reached skill level 4 in Fighting
   728 | D:5      | Reached XP level 5. HP: 44/50 MP: 5/5
   766 | D:5      | Noticed Dowan
   767 | D:5      | Noticed Duvessa
   795 | D:5      | Killed Duvessa
   795 | D:5      | Reached XP level 6. HP: 12/57 MP: 6/6
   798 | D:5      | Reached skill level 7 in Fighting
   798 | D:5      | Reached skill level 10 in Axes
   798 | D:5      | Reached XP level 7. HP: 14/73 MP: 7/7
   798 | D:5      | Killed from afar by Dowan

Vault maps used:
D:1:      onia_arrival_mini_maze_b
D:2:      lightli_temple_of_fire
D:3:      minmay_goblin_kobold_castle, first_bread
D:4:      minitemple, serial_glass, glass_columns_a, glass_columns_b,
          glass_columns_c, glass_columns_a, glass_columns_c, glass_columns_c,
          glass_columns_c, glass_columns_a, tso_altar, uniq_natasha
D:5:      serial_shops, nicolae_shop_crystal, uniq_duvessa,
          uniq_crazy_yiuf_cottage, uniq_blork_the_orc, uniq_pikel

Action                   |  1- 3 |  4- 6 |  7- 9 || total
-------------------------+-------+-------+-------++-------
Melee: War axe           |    94 |       |       ||    94
       Quarterstaff      |       |    25 |       ||    25
 Abil: Spit Poison       |     8 |     6 |       ||    14
  Use: Potion            |     2 |     1 |       ||     3
 Stab: Paralysed         |       |     3 |       ||     3
